 Dungeon Crawl Stone Soup version 0.23.0 (webtiles) character file.

Game seed: 3268662865950640774

48 Borgoz the Ruffian (level 3, 22/31 HPs)
             Began as a Ghoul Monk on Feb 17, 2019.
             Was a Believer of Okawaru.
             Quit the game on level 2 of the Dungeon.
             The game lasted 00:02:26 (1070 turns).

Borgoz the Ruffian (Ghoul Monk)                     Turns: 1070, Time: 00:02:27

Health: 22/31      AC:  2    Str: 14    XL:     3   Next: 72%
Magic:  2/2        EV: 13    Int:  6    God:    Okawaru [**....]
Gold:   47         SH:  0    Dex: 11    Spells: 2/2 levels left

rFire    . . .     SeeInvis .     - Unarmed
rCold    + . .     Gourm    .   (no shield)
rNeg     + + +     Faith    .   a - +0 robe
rPois    ∞         Spirit   .   (no helmet)
rElec    .         Reflect  .   (no cloak)
rCorr    .         Harm     .   (no gloves)
MR       .....                  (no boots)
Stlth    ++........             (no amulet)
HPRegen  0.10/turn              (no ring)
MPRegen  0.08/turn              (no ring)

@: rotting
A: rotting body, claws 1, carnivore, cold resistance 1, negative energy
resistance 3, inhibited regeneration, torment resistance, unbreathing
a: Heroism, Renounce Religion


You were on level 2 of the Dungeon.
You worshipped Okawaru.
Okawaru was pleased with you.
You were not hungry.

You visited 1 branch of the dungeon, and saw 2 of its levels.

You collected 47 gold pieces.

Inventory:

Armour
 a - a +0 robe (worn)
 h - a scarf of spirit shield
Jewellery
 f - a cursed -2 ring of protection {unknown}
 l - an uncursed amulet of faith {unknown}
Scrolls
 e - a scroll of remove curse {unknown}
 k - a scroll of random uselessness {unknown}
Potions
 c - 2 potions of heal wounds {unknown}
 g - a potion of flight {unknown}
 i - a potion of curing {unknown}
 j - a potion of invisibility {unknown}
Comestibles
 b - 4 rations
 d - 5 chunks of flesh


   Skills:
 + Level 3.6 Fighting
 * Level 3.2 Dodging
 + Level 2.2 Stealth
 + Level 4.2 Unarmed Combat


You had 2 spell levels left.
You didn't know any spells.
Your spell library was empty.

Dungeon Overview and Level Annotations

Branches:
Dungeon (2/15)

Altars:
Okawaru


Innate Abilities, Weirdness & Mutations

Your body is rotting away.
You thrive on raw meat.
You are immune to poison.
You have sharp fingernails.
You are carnivorous and can eat meat at any time.
Your flesh is cold resistant. (rC+)
You are immune to negative energy. (rN+++)
You do not regenerate when monsters are visible.
You are immune to unholy pain and torment.
You can survive without breathing.


Message History

The jackal is severely wounded.
The jackal bites you.
The jackal bites you but does no damage.
You scratch the jackal.
You kill the jackal!
Okawaru accepts your kill.
You claw the hobgoblin!
You kill the hobgoblin!
Okawaru accepts your kill.
No target in view!
No target in view!
Things that are here:
a cursed -1 club; a jackal corpse You butcher the jackal corpse.
d - 5 chunks of flesh (gained 2)
Things that are here:
a cursed -1 club; a jackal skeleton Eat one of 5 chunks of flesh? (ye/n/q)
Okay, then.
Are you sure you want to abandon this character and quit the game? (Confirm with "yes".)

#.#
#.##...
#.#
..###..
#.##
### ##.
#..# #.
##.# #.
#.# ##
#.# #[#
#@# #.#
#.# #.#
#.# #.#
#.# #.#


There were no monsters in sight!

Vanquished Creatures
  An ooze (D:2)
  3 leopard geckos
  A giant cockroach (D:1)
  4 goblins
  6 hobgoblins
  5 jackals
  2 bats (D:1)
  A frilled lizard (D:2)
  10 kobolds
  3 rats
36 creatures vanquished.

Notes
Turn   | Place    | Note
-------+----------+-------------------------------------------
     0 | D:1      | Borgoz the Ghoul Monk began the quest for the Orb.
     0 | D:1      | Reached XP level 1. HP: 19/19 MP: 0/0
   235 | D:1      | Reached XP level 2. HP: 26/26 MP: 1/1
   255 | D:1      | HP: 1/26 [hobgoblin/+0 club (8)]
   378 | D:1      | Reached XP level 3. HP: 31/31 MP: 2/2
   535 | D:1      | Reached skill level 4 in Unarmed Combat
   938 | D:2      | Found an iron altar of Okawaru.
  1013 | D:2      | Became a worshipper of Warmaster Okawaru
  1013 | D:2      | Reached * piety under Okawaru
  1013 | D:2      | Reached ** piety under Okawaru
  1070 | D:2      | Quit the game

Skill      XL: |  1  2  3 |
---------------+----------+-----
Dodging        | 3 |  3.2
Unarmed Combat | 4 |  4.2
Fighting       | |  3.6
Stealth        | |  2.2

Action                   || total
-------------------------++-------
Melee: Unarmed           ||   132
       Punch             ||     1
 Stab: Sleeping          ||     1
  Eat: Chunk             ||    17
Armor: Robe              ||    19
Dodge: Dodged            ||   100
